 Dungeon Crawl Stone Soup version 0.31-a0-345-g1ebeae05c6 (webtiles) character file.

Game seed: 10564704140583528028

1619160 PaperRat the Master Archer (level 26, 176/176 HPs)
             Began as a Deep Elf Hunter on July 22, 2023.
             Was the Champion of Nemelex Xobeh.
             Escaped with the Orb
             ... and 3 runes on July 24, 2023!
             The game lasted 06:25:00 (73162 turns).

PaperRat the Master Archer (Deep Elf Hunter)       Turns: 73162, Time: 06:25:00

Health: 176/176    AC: 16    Str:  8    XL:     26   Next: 19%
Magic:  39/39      EV: 41    Int: 19    God:    Nemelex Xobeh [******]
Gold:   2520       SH:  0    Dex: 38    Spells: 22/45 levels left

rFire   + + +        a - +9 longbow (freeze)
rCold   + . .        (shield currently unavailable)
rNeg    + . .        o - +2 leather armour of the Great Game {rF++ rC+ rCorr}
rPois   +            v - +2 hat of the Bear Spirit {Spirit, Bear, *Rage Will++}
rElec   +            Q - +2 cloak {rPois}
rCorr   +            U - +2 pair of gloves {hurl}
SInv    +            K - +0 pair of boots of Divine Intervention {rN+}
Will    ++++.        A - amulet of the Air {Inacc Air Fly rElec RMsl}
Stlth   +++          e - ring "Xuffaell" {*Corrode rF+ Int+2 Dex+6 Slay+3, =R}
HPRegen 0.49/turn    y - ring "Amedacog" {Dex+6 SInv}
MPRegen 0.26/turn

%: inaccuracy (-5), random rage (20%), corrode self (3%), repel missiles,
guardian spirit
@: flying, studying 2 skills
A: see invisible, dopey 1, mutation resistance 1, noise suppression
0: Orb of Zot
}: 3/15 runes: barnacled, slimy, gossamer
a: Renounce Religion, Draw Escape, Draw Destruction, Draw Summoning, Draw Stack,
Triple Draw, Deal Four, Stack Five


You escaped.
You worshipped Nemelex Xobeh.
Nemelex Xobeh was exalted by your worship.
You visited 11 branches of the dungeon, and saw 52 of its levels.
You visited 3 bazaars.
You also visited: Trove, Sewer, Gauntlet, Ice Cave and Wizlab.

You collected 9425 gold pieces.
You spent 6905 gold pieces at shops.

Inventory:

Hand Weapons
 a - a +9 longbow of freezing (weapon)
 k - the +4 spear of Itetyrr {flame, Will+ rCorr SInv}
   (You found it on level 1 of the Realm of Zot)

   SInv:      It lets you see invisible.
   rCorr:     It protects you from acid and corrosion.
   Will:      It increases your willpower.
 T - the +1 orcbow "Jyzxowi" {antimagic, +Blink rN+ Dex+3}
   (You found it on level 2 of the Depths)

   Dex:       It affects your dexterity (+3).
   rN:        It protects you from negative energy.
   +Blink:    It lets you blink.
Missiles
 F - 3 curare-tipped darts (quivered)
 S - 10 throwing nets {!f}
Armour
 o - the +2 leather armour of the Great Game (worn) {rF++ rC+ rCorr}
   (You took it off a deep elf archer on level 3 of the Elven Halls)

   rF:        It greatly protects you from fire.
   rC:        It protects you from cold.
   rCorr:     It protects you from acid and corrosion.
 u - the +0 mask of the Dragon {Will+ Slay+3 SInv}
   (You found it in a treasure trove)

   Slay:      It affects your accuracy & damage with ranged weapons and melee
   (+3).
   SInv:      It lets you see invisible.
   Will:      It increases your willpower.
 v - the +2 hat of the Bear Spirit (worn) {Spirit, Bear, *Rage Will++}
   (You acquired it on level 1 of the Realm of Zot)

   Bear:      Going berserk makes the wearer exceptionally tough, and they are
   slowed for a shorter time afterward.
   *Rage:     It berserks you when you make melee attacks (+20% chance).
   Will:      It greatly increases your willpower.
 K - the +0 pair of boots of Divine Intervention (worn) {rN+}
   (You found it in a Gauntlet)

   rN:        It protects you from negative energy.
 Q - a +2 cloak of poison resistance (worn)
 U - a +2 pair of gloves of hurling (worn)
Jewellery
 e - the ring "Xuffaell" (left hand) {*Corrode rF+ Int+2 Dex+6 Slay+3, =R}
   (You bought it in a shop in a bazaar)

   [ring of dexterity]

   Int:       It affects your intelligence (+2).
   Dex:       It affects your dexterity (+6).
   Slay:      It affects your accuracy & damage with ranged weapons and melee
   (+3).
   rF:        It protects you from fire.
   *Corrode:  It may corrode you when you take damage.
 y - the ring "Amedacog" (right hand) {Dex+6 SInv}
   (You found it on level 5 of the Pits of Slime)

   [ring of dexterity]

   Dex:       It affects your dexterity (+6).
   SInv:      It lets you see invisible.
 A - the amulet of the Air (around neck) {Inacc Air Fly rElec RMsl}
   (You found it on level 5 of the Pits of Slime)

   [amulet of nothing]

   Inacc:     It reduces the accuracy of your attacks and spells.
   Air:       It enhances your air magic.
   rElec:     It insulates you from electricity.
   Fly:       It grants you flight.
   RMsl:      It protects you from missiles.
 G - a +4 ring of protection
Wands
 b - a wand of roots (16)
 c - a wand of light (13)
 d - a wand of digging (23)
 m - a wand of polymorph (17)
 n - a wand of paralysis (12)
 z - a wand of mindburst (15)
Scrolls
 f - a scroll of enchant weapon
 h - 14 scrolls of poison
 l - a scroll of silence
 p - 26 scrolls of teleportation {@r3}
 t - 2 scrolls of summoning
 B - 6 scrolls of enchant armour
 H - 4 scrolls of blinking {@r5}
 I - 6 scrolls of vulnerability
 M - 11 scrolls of fear {@r4}
 O - a scroll of butterflies {@r6}
 P - 3 scrolls of immolation
Potions
 g - 12 potions of curing {@q1}
 i - 5 potions of cancellation
 j - 4 potions of lignification
 r - 3 potions of resistance
 C - 8 potions of heal wounds {@q2}
 D - 6 potions of haste {@q4}
 E - 5 potions of enlightenment {@q6}
 J - 7 potions of brilliance {@q5}
 L - 3 potions of magic
 N - 29 potions of mutation {@q7}
 R - 5 potions of ambrosia
Miscellaneous
 s - a tin of tremorstones (2/2)
 V - a lightning rod (4/4)
 X - a sack of spiders
 Z - a phial of floods


   Skills:
 + Level 20.9 Fighting
 O Level 27 Ranged Weapons
 + Level 10.6 Armour
 + Level 21.8 Dodging
 + Level 15.7 Stealth
 - Level 10.0 Spellcasting
 - Level 8.0 Conjurations
 - Level 4.0 Hexes
 - Level 2.0 Summonings
 - Level 16.0 Translocations
 - Level 2.0 Transmutations
 - Level 2.0 Earth Magic
 + Level 17.9 Invocations
 - Level 16.0 Evocations


You had 22 spell levels left.
You knew the following spells:

 Your Spells              Type           Power      Damage    Failure   Level
a - Dispersal             Tloc           31%        N/A       1%          6
b - Iskenderun's Mystic   Conj/Tloc      53%        2d11      1%          4
c - Summon Small Mammal   Summ           68%        N/A       4%          1
e - Passage of Golubria   Tloc           63%        N/A       1%          4
g - Passwall              Tmut/Erth      14%        N/A       6%          2
i - Portal Projectile     Hex/Tloc       94%        N/A       1%          3
t - Blink                 Tloc           100%       N/A       1%          2
z - Apportation           Tloc           100%       N/A       0%          1

Your spell library contained the following spells:

 Spells                   Type           Power      Damage    Failure   Level
 Foxfire                  Conj/Fire      96%        2x1d8     1%          1
 Kiss of Death            Conj/Necr      96%        2d12      1%          1
 Shock                    Conj/Air       100%       1d9       1%          1
 Slow                     Hex            96%        N/A       1%          1
 Lesser Beckoning         Tloc           100%       N/A       1%          2
 Momentum Strike          Conj/Tloc      100%       3d10      1%          2
 Gell's Gravitas          Tloc           63%        N/A       1%          3
 Teleport Other           Tloc           63%        N/A       1%          3
 Vhi's Electric Charge    Tloc/Air       100%       N/A       1%          3
 Manifold Assault         Tloc           63%        N/A       1%          4
 Stone Arrow              Conj/Erth      56%        3d10      3%          3
 Sandblast                Erth           34%        2d9       4%          1
 Confusing Touch          Hex            24%        N/A       5%          3
 Hailstorm                Conj/Ice       24%        3d7       5%          3
 Tukima's Dance           Hex            24%        N/A       5%          3
 Sting                    Tmut/Pois      52%        1d5       6%          1
 Ensorcelled Hibernation  Hex/Ice        34%        N/A       6%          2
 Wereblood                Tmut           17%        N/A       6%          2
 Summon Forest            Summ/Tloc      21%        N/A       7%          5
 Summon Guardian Golem    Hex/Summ       20%        N/A       9%          3
 Fulminant Prism          Conj/Hex       16%        3d10      9%          4
 Freeze                   Ice            36%        1d5       10%         1
 Necrotise                Necr           36%        1d5       10%         1
 Mephitic Cloud           Conj/Pois/Air  29%        N/A       10%         3
 Iskenderun's Battlesphe  Conj           39%        2d9       10%         5
 Call Canine Familiar     Summ           17%        N/A       13%         3
 Inner Flame              Hex/Fire       17%        N/A       13%         3
 Cigotuvi's Dreadful Rot  Necr/Pois/Air  28%        N/A       14%         2
 Poisonous Vapours        Pois/Air       28%        N/A       14%         2
 Sublimation of Blood     Necr           9%         N/A       14%         2
 Flame Wave               Conj/Fire      24%        2d8       19%         4
 Sticky Flame             Conj/Fire      24%        2d5       19%         4
 Ignite Poison            Fire/Tmut/Pois 12%        N/A       22%         3
 Frozen Ramparts          Ice            18%        1d3       28%         3
 Ozocubu's Armour         Ice            9%         N/A       28%         3
 Swiftness                Air            14%        N/A       28%         3
 Vampiric Draining        Necr           9%         2d6       28%         3
 Leda's Liquefaction      Hex/Erth       10%        N/A       28%         4
 Irradiate                Conj/Tmut      14%        3d16      34%         5
 Anguish                  Hex/Necr       8%         N/A       38%         4
 Animate Armour           Summ/Erth      34%        N/A       38%         4
 Petrify                  Tmut/Erth      17%        N/A       38%         4
 Arcjolt                  Conj/Air       18%        1d28      45%         5
 Summon Mana Viper        Hex/Summ       20%        N/A       61%         5
 Disjunction              Tloc           31%        N/A       65%         8
 Airstrike                Air            7%         2d(1-17)  67%         4
 Animate Dead             Necr           9%         N/A       67%         4
 Dispel Undead            Necr           9%         3d8       67%         4
 Olgreb's Toxic Radiance  Pois           9%         N/A       67%         4
 Freezing Cloud           Conj/Ice/Air   14%        6-21      67%         5
 Lee's Rapid Deconstruct  Erth           8%         3d7*      75%         5
 Metabolic Englaciation   Hex/Ice        8%         N/A       75%         5
 Silence                  Hex/Air        12%        N/A       75%         5
 Alistair's Intoxication  Tmut/Pois      8%         N/A       87%         5
 Borgnjor's Vile Clutch   Necr/Erth      6%         N/A       87%         5
 Leda's Unmaking          Conj/Erth      14%        9d3       88%         6
 Agony                    Necr           9%         N/A       95%         5
 Starburst                Conj/Fire      12%        6d5       96%         6
 Orb of Destruction       Conj           19%        9d8       97%         7
 Death Channel            Necr           4%         N/A       100%        6
 Eringya's Noxious Bog    Tmut/Pois      6%         4d6       100%        6
 Plasma Beam              Fire/Air       7%         2x1d17    100%        6
 Simulacrum               Ice/Necr       4%         N/A       100%        6
 Summon Cactus Giant      Summ           8%         N/A       100%        6
 Haunt                    Necr/Summ      6%         N/A       100%        7
 Ozocubu's Refrigeration  Ice            4%         4d8       100%        7
 Spellforged Servitor     Conj/Summ      14%        N/A       100%        7
 Summon Hydra             Summ           8%         N/A       100%        7
 Borgnjor's Revivificati  Necr           4%         N/A       100%        8
 Ignition                 Fire           4%         3d4       100%        8
 Infestation              Necr           4%         N/A       100%        8
 Lehudib's Crystal Spear  Conj/Erth      14%        10d5      100%        8
 Chain Lightning          Conj/Air       18%        3d24      100%        9
 Death's Door             Necr           4%         N/A       100%        9


Dungeon Overview and Level Annotations

Branches:
Dungeon (15/15)            Temple (1/1) D:5            Lair (5/5) D:11
 Shoals (4/4) Lair:2       Spider (4/4) Lair:2        Slime (5/5) Lair:4
    Orc (2/2) D:9             Elf (3/3) Orc:2        Vaults (4/5) D:14
  Crypt (0/3) Vaults:3     Depths (4/4) D:15            Zot (5/5) Depths:4
  Sewer (visited)           IceCv (visited)          WizLab (visited)
Gauntlet (visited)

Altars:
Ashenzari
Cheibriados
Dithmenos
Elyvilon
Fedhas
Gozag
Hepliaklqana
Kikubaaqudgha
Makhleb
Nemelex Xobeh
Okawaru
Qazlal
Ru
Sif Muna
Trog
Uskayaw
Vehumet
Wu Jian
Xom
Yredelemnul
Zin
The Shining One
Jiyva

Shops:
D:1 *   D:3 (   D:8 ?   D:9 :   D:15 (=   Orc:2 **[[   Elf:1 *   Shoals:2 !
Vaults:4 =:[

Portals:
Hell: Depths:1 Depths:2 Depths:3 Depths:4
Abyss: Depths:1 Depths:3
Pandemonium: Depths:2
Ziggurat: Depths:1

Annotations:
Elf:2 3 runed translucent doors
Zot:3 3 runed translucent doors, Beclu's ghost, legendary GnSk
Zot:5 1 exclusion


Innate Abilities, Weirdness & Mutations

You have supernaturally acute eyesight. (SInv)
You are dopey. (Int -2)
You are somewhat resistant to further mutation.
You passively dampen the noise of your surroundings.


Message History

The Orb Guardian seems to slow down.
The Orb Guardian is heavily wounded.
The grasping roots constrict the Orb Guardian!
The Orb Guardian struggles to escape constriction.
You shoot an arrow. The arrow hits the Orb Guardian!
The arrow freezes the Orb Guardian.
The Orb Guardian is severely wounded.
The grasping roots constrict the Orb Guardian!
You shoot an arrow. The arrow hits the Orb Guardian!!!
The arrow freezes the Orb Guardian.
You kill the Orb Guardian!
(D) Dungeon (T) Temple (L) Lair (A) Shoals (N) Spider Nest (M) Slime Pits (O) Orcish Mines (E) Elven Halls (V) Vaults (C) Crypt (U) Depths (H) Hell (Z) Zot
Where to? (Enter - D:2 @ (x,y), ? - help)
You see here a +0 dagger.
There is a stone staircase leading up here.
You fly upwards.
There is a stone staircase leading down here.
An Orb Guardian comes into view.
The Orb Guardian closely misses you.
The Orb Guardian hits you but does no damage.
Blink to where?
Press: ? - help, Dir - move target
As you read the scroll of blinking {@r5}, it crumbles to dust.
You draw a card...
You have drawn Degeneration.
The Orb Guardian evaporates and reforms as a death yak!
The death yak twists and deforms.
You shoot an arrow. The arrow barely misses the death yak.
You shoot an arrow. The arrow hits the death yak!!!
The arrow freezes the death yak!
The death yak is severely wounded.
You shoot an arrow. The arrow hits the death yak!!
The arrow freezes the death yak.
The death yak is almost dead.
You shoot an arrow. The arrow hits the death yak!!!!
The arrow freezes the death yak.
You kill the death yak!
You have escaped!

....# #.#.## #.## #####
#.#.# #... # #.#.# ####
#######.#.# ........#.#
#########.# #.######
#......### #..##..#@#
#..##.##.# ###
########.....##.###.#####
##..........####.#.......#
####
.........#######.#######.#
#...
.#.###.#.................#
#.## .#.#
#.#########.######### #.##
.#.# #.##......#.# #.#
#.## ...# #.##.######.#
#.# #.##


There were no monsters in sight!

Vanquished Creatures
  the Royal Jelly (Slime:5)
  3 dread liches
  An ancient lich (Depths:2)
  2 orbs of fire (Zot:5)
  Mara (Vaults:3)
  2 juggernauts (Depths:3)
  The ghost of Inony the Crack Shot, a master FoHu of Okawaru (Vaults:2)
  Vv (Depths:2)
  A Killer Klown (Zot:2)
  4 caustic shrikes
  Xtahua (Vaults:3)
  4 curse toes
  10 golden dragons
  A mutant beast (WizLab)
  2 bone dragons (Zot:3)
  An electric golem (Zot:5)
  15 tentacled monstrosities
  8 quicksilver dragons
  A deep elf master archer (Elf:3)
  24 Orb Guardians
  Mlioglotl (Spider:1)
  A walking divine tome (Depths:3)
  3 titans
  16 acid blobs
  2 krakens
  9 death cobs
  5 sphinxes
  7 tengu reavers
  2 Executioners
  Kirke (Shoals:1)
  10 shadow dragons
  6 draconian monks
  11 storm dragons
  Gastronok (Lair:3)
  Aizul (Vaults:4)
  8 rockslimes
  7 fire giants
  9 azure jellies
  3 draconian knights
  7 frost giants
  6 vault wardens
  4 emperor scorpions
  10 deep elf sorcerers
  3 deep elf elementalists (Elf:3)
  6 ghost moths
  6 draconian scorchers
  4 draconian shifters
  A spriggan defender (Depths:2)
  9 draconian annihilators
  7 draconian stormcallers
  2 cacodemons (Vaults:2)
  An orc warlord (Orc:2)
  11 quicksilver oozes
  35 very ugly things
  11 stone giants
  A caustic shrike skeleton (Depths:2)
  4 broodmothers
  14 ironbound preservers
  5 formless jellyfish
  4 war gargoyles
  8 black draconians
  4 ironbound thunderhulks
  5 vampire knights
  6 deep elf demonologists
  5 dire elephants
  19 yellow draconians
  7 deep elf annihilators
  6 green draconians
  5 red draconians
  11 purple draconians
  16 white draconians
  9 spark wasps
  6 merfolk impalers (Shoals:4)
  6 deep elf death magi
  6 ettins
  4 merfolk javelineers
  4 deep elf high priests
  Josephine (Orc:2)
  8 fire dragons
  12 great orbs of eyes
  A vault guard (Vaults:1)
  9 yaktaur captains
  2 crystal guardians
  11 ice dragons
  A rakshasa (Zot:5)
  2 hydras
  9 entropy weavers
  A jorogumo (Spider:4)
  4 peacekeepers
  A hell beast (Zot:5)
  2 catoblepae
  3 centaur warriors
  2 spriggan air magi (Depths:2)
  9 two-headed ogres
  3 radroaches
  3 merfolk aquamancers
  14 ironbound frosthearts
  5 merfolk avatars
  6 boulder beetles
  A death knight (Vaults:3)
  8 deep troll earth magi
  5 vampire magi
  23 dancing weapons
  7 demonic crawlers
  5 death yaks
  5 orc high priests
  7 deep troll shamans
  An alligator (Elf:3)
  A hell knight (Depths:4)
  4 spriggan berserkers
  6 tengu warriors
  A storm dragon zombie (Vaults:4)
  17 deep elf knights
  5 skeletal warriors (D:11)
  4 soul eaters (Zot:3)
  A fire crab (shapeshifter) (WizLab)
  A shock serpent (shapeshifter) (WizLab)
  6 iron trolls
  4 skysharks
  3 sun moths
  7 pharaoh ants
  17 sea snakes
  5 flayed ghosts
  A spark wasp zombie (Depths:3)
  56 deep trolls
  A deep troll (shapeshifter) (D:8)
  2 swamp dragons (Elf:2)
  11 orb spiders
  12 glowing orange brains
  A phantasmal warrior (Depths:2)
  A kraken simulacrum (Shoals:4)
  A swamp dragon (shapeshifter) (WizLab)
  21 deep elf archers
  8 necromancers
  12 ironbound convokers
  10 steelbarb worms
  5 orc knights
  29 harpies
  29 deep elf pyromancers
  An orange crystal statue (IceCv)
  13 wizards
  32 deep elf zephyrmancers
  8 large abominations
  6 lindwurms
  11 wolf spiders
  7 orc sorcerers
  A wolf spider (shapeshifter) (Depths:2)
  2 fire giant zombies
  A mana viper (Elf:2)
  52 ugly things
  A shining eye (shapeshifter) (WizLab)
  9 oklob plants
  A manticore (shapeshifter) (WizLab)
  4 fauns
  11 shining eyes
  9 cyclopes
  13 manticores
  A salamander (shapeshifter) (WizLab)
  A frost giant zombie (Depths:1)
  34 moths of wrath
  10 black mambas
  2 ice statues
  6 water nymphs
  A guardian serpent (shapeshifter) (WizLab)
  14 merfolk sirens
  3 eyes of devastation
  8 vault sentinels
  A guardian serpent (Elf:2)
  A water nymph (shapeshifter) (Depths:2)
  2 gargoyles
  An unseen horror (shapeshifter) (WizLab)
  An elephant (Elf:2)
  3 black mambas (shapeshifter)
  16 cane toads
  4 torpor snails
  Maggie (D:6)
  A hellion (Depths:4)
  2 unseen horrors
  13 yaktaurs
  2 molten gargoyles (Lair:5)
  An orange demon (D:12)
  A cane toad (shapeshifter) (WizLab)
  10 komodo dragons
  A spark wasp simulacrum (Depths:1)
  A kobold demonologist (Elf:1)
  2 tormentors
  7 tengu conjurers
  11 rime drakes
  A guardian mummy (Zot:3)
  25 merfolk
  9 ice devils
  A white draconian skeleton (Zot:3)
  A silent spectre (Vaults:3)
  A polar bear (shapeshifter) (WizLab)
  6 trolls
  11 polar bears
  3 queen bees (shapeshifter) (WizLab)
  29 tarantellas
  A tarantella (shapeshifter) (WizLab)
  A troll (shapeshifter) (WizLab)
  A tyrant leech (Zot:1)
  10 wind drakes
  2 hornets (shapeshifter)
  A hornet (D:11)
  6 blink frogs
  A raiju (shapeshifter) (D:14)
  14 dream sheep
  3 blink frogs (shapeshifter)
  A raiju (Gauntlet)
  A dream sheep (shapeshifter) (WizLab)
  13 snapping turtles
  A frost giant simulacrum (Depths:3)
  2 human simulacra
  A slime creature (shapeshifter) (Depths:4)
  30 jumping spiders
  An air elemental (Elf:2)
  Sigmund (D:4)
  A flying skull (Vaults:3)
  A yak (shapeshifter) (WizLab)
  An elf skeleton (Vaults:4)
  14 water elementals
  3 fire elementals
  A shadow (D:12)
  2 ettin skeletons
  111 slime creatures
  19 culicivoras
  A spriggan (shapeshifter) (WizLab)
  6 wraiths
  2 vampires
  5 hogs (Shoals:1)
  6 basilisks
  37 yaks
  A fire bat (Lair:4)
  A fire bat (shapeshifter) (WizLab)
  2 humans (shapeshifter) (WizLab)
  2 neqoxecs
  6 wyverns
  16 golden eyes
  2 golden eyes (shapeshifter) (WizLab)
  2 vampire mosquitoes (D:14)
  An iron golem (WizLab)
  57 redbacks
  2 redbacks (shapeshifter)
  5 steam dragons
  A chaos spawn (Gauntlet)
  9 wargs
  5 acid dragons
  6 small abominations (WizLab)
  2 swamp worms (Lair:4)
  4 hell hounds (Lair:5)
  12 water moccasins
  A meliai simulacrum (D:15)
  12 floating eyes
  A glowing shapeshifter skeleton (Vaults:4)
  An ice beast (D:7)
  An ogre skeleton (Vaults:4)
  A black bear (shapeshifter) (WizLab)
  48 orc warriors
  A sky beast (D:8)
  A boggart (shapeshifter) (Vaults:2)
  2 black bears
  13 ogres
  5 boggarts
  6 centaurs
  2 phantoms (D:5)
  7 wolves
  2 kobold brigands
  A bullfrog (shapeshifter) (Vaults:2)
  2 gnoll sergeants
  17 bullfrogs
  2 earth elementals
  2 human skeletons (Vaults:4)
  A scorpion (D:7)
  13 wights
  5 killer bees (D:10)
  10 electric eels
  A howler monkey (shapeshifter) (Vaults:2)
  8 howler monkeys
  A hound (shapeshifter) (Depths:2)
  5 lava snakes (Lair:5)
  20 jellies
  35 orc priests
  9 hounds
  A sleepcap (D:5)
  10 hell rats
  4 iguanas
  28 orc wizards
  A lightning spire (Gauntlet)
  11 gnolls
  16 adders
  4 river rats (Sewer)
  A shadow imp (D:7)
  5 white imps
  7 ufetubi
  4 worms
  A worm (shapeshifter) (Vaults:2)
  3 dart slugs
  111 orcs
  9 bats
  A bat (shapeshifter) (Vaults:2)
  6 endoplasms
  6 giant cockroaches
  5 goblins
  7 hobgoblins
  9 jackals
  12 kobolds
  5 quokkas
  9 ball pythons
  8 frilled lizards
  13 rats
  A butterfly (Lair:3)
  3 tentacles (Shoals:4)
2323 creatures vanquished.

Vanquished Creatures (collateral kills)
  Dissolution (Slime:1)
  An ancient lich (Zot:5)
  A dread lich (Zot:5)
  A Killer Klown (Zot:5)
  5 caustic shrikes (Depths:4)
  A tentacled monstrosity (Zot:5)
  A quicksilver dragon (shapeshifter) (Vaults:2)
  A storm dragon (Zot:5)
  Roxanne (Elf:2)
  A shadow dragon (Depths:4)
  A frost giant (IceCv)
  A deep elf sorcerer (Elf:3)
  An iron dragon (Depths:4)
  An emperor scorpion (Spider:4)
  An ironbound preserver (Vaults:4)
  2 deep elf annihilators (Elf:3)
  A minotaur (Gauntlet)
  An ettin (D:15)
  A deep elf death mage (Elf:3)
  A fire dragon (Lair:5)
  A deep elf high priest (Elf:3)
  A death knight (D:14)
  7 death yaks
  2 demonic crawlers
  An orc high priest (Orc:2)
  A pharaoh ant (Spider:2)
  3 orb spiders (Spider:4)
  An orc knight (Orc:2)
  An ugly thing (D:14)
  A cyclops (D:7)
  A black mamba (Lair:1)
  A molten gargoyle (Lair:5)
  2 komodo dragons
  A troll (Orc:2)
  3 tarantellas
  A slime creature (Slime:1)
  A jumping spider (Spider:4)
  A wyvern (Lair:4)
  A basilisk (Lair:5)
  A chaos spawn (Gauntlet)
  A black bear (Lair:4)
  A hound (shapeshifter) (Vaults:2)
  A hobgoblin (shapeshifter) (Vaults:2)
60 creatures vanquished.

Vanquished Creatures (others)
  A golden dragon (Depths:4)
  An ironbound frostheart (Vaults:1)
  An elephant (Elf:2)
  A swamp worm (Spider:3)
  12 tentacles (Shoals:4)
16 creatures vanquished.

Grand Total: 2399 creatures vanquished

Notes
Turn   | Place    | Note
-------+----------+-------------------------------------------
     0 | D:1      | PaperRat the Deep Elf Hunter began the quest for the Orb.
     0 | D:1      | Reached XP level 1. HP: 12/12 MP: 3/3
   379 | D:1      | Reached XP level 2. HP: 16/16 MP: 4/4
   522 | D:1      | Found Goli's General Store.
   811 | D:1      | Reached skill level 6 in Ranged Weapons
  1773 | D:2      | Reached XP level 3. HP: 21/21 MP: 5/5
  1885 | D:1      | Bought a potion of heal wounds for 70 gold pieces
  2652 | D:3      | Reached XP level 4. HP: 27/27 MP: 6/6
  2817 | D:3      | Found Doisasit's Weapon Shop.
  2844 | D:3      | Found a radiant altar of Vehumet.
  2846 | D:3      | Found an iron altar of Okawaru.
  2885 | D:3      | Found a basalt altar of Yredelemnul.
  3494 | D:4      | Found a snail-covered altar of Cheibriados.
  3512 | D:4      | Reached XP level 5. HP: 32/32 MP: 7/7
  3594 | D:4      | Found a sparkling altar of Nemelex Xobeh.
  3644 | D:4      | Noticed Sigmund
  3835 | D:4      | Reached skill level 7 in Ranged Weapons
  3858 | D:4      | Killed Sigmund
  3859 | D:4      | Reached XP level 6. HP: 37/37 MP: 8/8
  4041 | D:4      | Reached skill level 8 in Ranged Weapons
  4051 | D:4      | Noticed a water moccasin
  4065 | D:4      | Killed a water moccasin
  4066 | D:4      | Reached XP level 7. HP: 24/43 MP: 9/9
  4436 | D:5      | Entered Level 5 of the Dungeon
  4512 | D:4      | Reached skill level 9 in Ranged Weapons
  4577 | D:5      | Found a staircase to the Ecumenical Temple.
  4589 | Temple   | Entered the Ecumenical Temple
  4644 | D:4      | Became a worshipper of Nemelex Xobeh the Trickster
  4757 | D:5      | Found a glowing silver altar of Zin.
  4944 | D:5      | Reached skill level 1 in Invocations
  5097 | D:5      | Reached * piety under Nemelex Xobeh
  5247 | D:5      | Reached skill level 10 in Ranged Weapons
  5580 | D:6      | Found a glowing drain.
  5586 | Sewer    | Entered a sewer
  5894 | Sewer    | Reached XP level 8. HP: 48/48 MP: 12/12
  6185 | D:6      | Found an ancient bone altar of Kikubaaqudgha.
  6313 | D:3      | Bought a +1 longbow of freezing for 224 gold pieces
  6537 | D:6      | Reached skill level 11 in Ranged Weapons
  6639 | D:6      | Noticed Maggie
  6657 | D:7      | Received a gift from Nemelex Xobeh
  6699 | D:7      | Found an opulent altar of Gozag.
  6992 | D:7      | Reached skill level 1 in Evocations
  7130 | D:7      | Reached ** piety under Nemelex Xobeh
  7514 | D:7      | Identified the +10 mace of Oenomania {venom, rN+ Str-2
                  | Int+2 Stlth+}
  7523 | D:7      | Reached skill level 5 in Fighting
  7656 | D:7      | Reached XP level 9. HP: 51/54 MP: 14/14
  7912 | D:7      | Noticed a cyclops
  7920 | D:7      | Killed a cyclops
  7921 | D:7      | Reached skill level 12 in Ranged Weapons
  7950 | D:7      | Killed an unseen horror
  8078 | D:7      | Received a gift from Nemelex Xobeh
  8151 | D:6      | Reached skill level 13 in Ranged Weapons
  8197 | D:6      | Found a hide-covered altar of Uskayaw.
  8228 | D:6      | Killed Maggie
  8430 | D:8      | Reached *** piety under Nemelex Xobeh
  8462 | D:8      | Noticed a troll
  8462 | D:8      | Noticed a cyclops
  8463 | D:8      | Noticed a tengu warrior
  8463 | D:8      | Noticed a seven-headed hydra
  8463 | D:8      | Noticed a deep elf pyromancer
  8463 | D:8      | Noticed a white ugly thing
  8464 | D:8      | Noticed a centaur warrior
  8465 | D:8      | Noticed a centaur warrior
  8529 | D:8      | Noticed an entropy weaver
  8567 | D:8      | Found a blossoming altar of Fedhas.
  8677 | D:8      | Noticed an ice devil
  8677 | D:8      | Noticed an ice devil
  8679 | D:8      | Noticed an ice devil
  8692 | D:8      | Killed an ice devil
  8693 | D:8      | Reached skill level 14 in Ranged Weapons
  8693 | D:8      | Noticed an ice statue
  8693 | D:8      | Noticed an ice devil
  8702 | D:8      | Noticed an ice devil
  8730 | D:8      | Noticed an ice devil
  8735 | D:8      | Noticed an ice devil
  8736 | D:8      | Noticed an ice devil
  8748 | D:8      | Killed an ice devil
  8749 | D:8      | Reached XP level 10. HP: 60/60 MP: 15/15
  8766 | D:8      | Reached skill level 5 in Invocations
  8771 | D:8      | Reached skill level 1 in Translocations
  8774 | D:8      | Reached skill level 5 in Dodging
  8790 | D:8      | Received a gift from Nemelex Xobeh
  8946 | D:8      | Found Volyamy's Magic Scroll Shoppe.
  8952 | D:8      | Bought a scroll of blinking for 105 gold pieces
  8952 | D:8      | Bought a scroll of identify for 28 gold pieces
  8952 | D:8      | Bought 2 scrolls of identify for 56 gold pieces
  8952 | D:8      | Bought a scroll of identify for 28 gold pieces
  8956 | D:8      | Bought a scroll of fear for 56 gold pieces
  9382 | D:9      | Found a sacrificial altar of Ru.
  9583 | D:9      | Found a staircase to the Orcish Mines.
  9628 | D:9      | Reached XP level 11. HP: 58/68 MP: 18/18
  9741 | D:9      | Learned a level 1 spell: Apportation
  9743 | D:9      | Learned a level 1 spell: Summon Small Mammal
  9808 | D:9      | Received a gift from Nemelex Xobeh
  9906 | D:9      | Reached skill level 1 in Summonings
  9940 | D:9      | Noticed a two-headed ogre
  9958 | D:9      | Killed a two-headed ogre
 10114 | D:9      | Found Keopt's Book Shop.
 10381 | D:10     | Entered Level 10 of the Dungeon
 10416 | D:10     | Reached **** piety under Nemelex Xobeh
 10882 | D:10     | Noticed a two-headed ogre
 10885 | D:10     | Killed a two-headed ogre
 10922 | D:10     | Reached skill level 15 in Ranged Weapons
 11024 | D:11     | Noticed a two-headed ogre
 11030 | D:11     | Killed a two-headed ogre
 11168 | D:11     | Found a staircase to the Lair.
 11279 | D:11     | Noticed a two-headed ogre
 11282 | D:11     | Killed a two-headed ogre
 11328 | D:11     | Noticed a skeletal warrior
 11346 | D:11     | Killed a skeletal warrior
 11347 | D:11     | Reached skill level 5 in Stealth
 11355 | D:11     | Noticed a skeletal warrior
 11356 | D:11     | Noticed a skeletal warrior
 11376 | D:11     | Noticed a skeletal warrior
 11391 | D:11     | Killed a skeletal warrior
 11399 | D:11     | Killed a skeletal warrior
 11399 | D:11     | Noticed a skeletal warrior
 11400 | D:11     | Reached skill level 5 in Evocations
 11409 | D:11     | Killed a skeletal warrior
 11436 | D:11     | Killed a skeletal warrior
 11437 | D:11     | Reached XP level 12. HP: 58/75 MP: 20/20
 11554 | D:11     | Received a gift from Nemelex Xobeh
 11842 | Lair:1   | Entered Level 1 of the Lair of Beasts
 11912 | Lair:1   | Noticed a catoblepas
 11924 | Lair:1   | Killed a catoblepas
 12046 | Lair:1   | Learned a level 4 spell: Iskenderun's Mystic Blast
 12074 | Lair:1   | Received a gift from Nemelex Xobeh
 12950 | Lair:2   | Reached skill level 16 in Ranged Weapons
 12955 | Lair:2   | Noticed a death yak
 12961 | Lair:2   | Noticed a death yak
 12962 | Lair:2   | Killed a death yak
 12962 | Lair:2   | Noticed a death yak
 12964 | Lair:2   | Killed a death yak
 12965 | Lair:2   | Reached skill level 10 in Dodging
 12965 | Lair:2   | Noticed a death yak
 12967 | Lair:2   | Killed a death yak
 12970 | Lair:2   | Killed a death yak
 13072 | Lair:2   | Found a hole to the Spider Nest.
 13082 | Lair:2   | Reached ***** piety under Nemelex Xobeh
 13119 | Lair:2   | Reached skill level 10 in Invocations
 13132 | Lair:2   | Reached skill level 1 in Conjurations
 13148 | Lair:2   | Received a gift from Nemelex Xobeh
 13378 | Lair:2   | Reached XP level 13. HP: 80/80 MP: 22/22
 13379 | Lair:2   | Found a staircase to the Shoals.
 13488 | Lair:2   | Received a gift from Nemelex Xobeh
 13933 | Lair:3   | Reached skill level 1 in Spellcasting
 14101 | Lair:3   | Reached skill level 17 in Ranged Weapons
 14260 | Lair:3   | Noticed Gastronok
 14322 | Lair:3   | Killed Gastronok
 14718 | Lair:3   | Found a blossoming altar of Fedhas.
 14919 | Lair:3   | Reached skill level 5 in Translocations
 14974 | Lair:4   | Reached skill level 10 in Fighting
 15012 | Lair:4   | Found a gate leading to a gauntlet.
 15022 | Lair:4   | Found a viscous altar of Jiyva.
 15022 | Lair:4   | Found a staircase to the Slime Pits.
 15044 | Lair:4   | Reached skill level 5 in Conjurations
 15051 | Gauntlet | Entered a Gauntlet
 15051 | Gauntlet | Found a transporter.
 15054 | Gauntlet | Found a transporter.
 15056 | Gauntlet | Found a transporter.
 15073 | Gauntlet | Found a transporter.
 15074 | Gauntlet | Found a transporter.
 15083 | Gauntlet | Found a transporter.
 15096 | Gauntlet | Found a transporter.
 15109 | Gauntlet | Found a transporter.
 15113 | Gauntlet | Found a transporter.
 15113 | Gauntlet | Found a transporter.
 15138 | Gauntlet | Received a gift from Nemelex Xobeh
 15139 | Gauntlet | Found a transporter.
 15156 | Gauntlet | Found a transporter.
 15156 | Gauntlet | Found a runed translucent door.
 15164 | Gauntlet | Found a transporter.
 15168 | Gauntlet | Found a transporter.
 15337 | Gauntlet | Identified the +0 pair of boots of Divine Intervention
                  | {rN+}
 15354 | Gauntlet | Noticed a minotaur
 15368 | Gauntlet | Killed a minotaur
 15604 | Lair:4   | Learned a level 3 spell: Portal Projectile
 15821 | Lair:4   | Reached skill level 1 in Hexes
 16248 | Lair:4   | Learned a level 4 spell: Passage of Golubria
 16249 | Lair:5   | Entered Level 5 of the Lair of Beasts
 16608 | Lair:4   | Reached skill level 18 in Ranged Weapons
 16608 | Lair:4   | Reached XP level 14. HP: 88/88 MP: 18/23
 17149 | Lair:5   | Received a gift from Nemelex Xobeh
 17803 | Lair:5   | Identified the +0 quarterstaff of Impermanence {freeze,
                  | Fragile rF+ Int+4}
 17903 | Lair:5   | Found a large runed translucent door.
 17915 | Lair:5   | Reached skill level 5 in Spellcasting
 17924 | Lair:5   | Found a large runed translucent door.
 18884 | D:8      | Identified the +8 dagger of Weraism {venom, Fly}
 18981 | Orc:1    | Entered Level 1 of the Orcish Mines
 19359 | Orc:2    | Entered Level 2 of the Orcish Mines
 19359 | Orc:2    | Noticed Josephine
 19616 | Orc:2    | Killed Josephine
 19637 | Orc:2    | Received a gift from Nemelex Xobeh
 19961 | Orc:1    | Reached skill level 19 in Ranged Weapons
 20655 | Orc:2    | Received a gift from Nemelex Xobeh
 20725 | Orc:2    | Noticed an orc warlord
 20738 | Orc:2    | Killed an orc warlord
 20767 | Orc:2    | Identified the +2 troll leather armour of Cheibriados's
                  | Whim {Regen+ Stlth+}
 20943 | Orc:2    | Reached XP level 15. HP: 92/92 MP: 26/26
 21074 | Orc:2    | Found Dilu's General Store.
 21179 | Orc:2    | Found Buguf's Assorted Antiques.
 21353 | Orc:2    | Found a staircase to the Elven Halls.
 21700 | Orc:2    | Found Quputyc's Armour Boutique.
 21887 | Orc:2    | Found Gaos's Antique Armour Shop.
 22302 | Orc:2    | Bought a small brass ring for 135 gold pieces
 22336 | Orc:2    | Bought a tin of tremorstones (2/2) for 480 gold pieces
 22395 | Orc:2    | Bought a runed hat for 224 gold pieces
 22396 | Orc:2    | Bought an embroidered scarf for 256 gold pieces
 22409 | Orc:2    | Bought a dyed leather armour for 160 gold pieces
 22412 | Orc:2    | Bought a spiked ring mail for 288 gold pieces
 22412 | Orc:2    | Identified the +4 ring mail of Indomitability {Will+} (You
                  | bought it in a shop on level 2 of the Orcish Mines)
 22703 | Lair:5   | Identified the +5 executioner's axe of Karma {heavy, Fly
                  | Will+ Dex+2}
 22925 | D:12     | Reached skill level 10 in Translocations
 23321 | D:12     | Received a gift from Nemelex Xobeh
 23563 | D:13     | Reached ****** piety under Nemelex Xobeh
 23677 | D:13     | Received a gift from Nemelex Xobeh
 23736 | D:13     | Identified the +6 war axe of Umpitaud {speed, *Corrode rF+
                  | rN++ Str+4}
 24312 | D:14     | Found a frozen archway.
 24342 | IceCv    | Entered an ice cave
 24569 | IceCv    | Received a gift from Nemelex Xobeh
 24684 | IceCv    | Reached skill level 20 in Ranged Weapons
 25120 | IceCv    | Noticed a frost giant
 25130 | IceCv    | Killed a frost giant
 25384 | IceCv    | Noticed a frost giant
 25384 | IceCv    | Noticed a frost giant
 25392 | IceCv    | Identified the -1 hand axe of Welfare {drain, Int+4 SInv
                  | Stlth+}
 25405 | IceCv    | Killed a frost giant
 25569 | IceCv    | Killed a frost giant
 25570 | IceCv    | Reached XP level 16. HP: 100/100 MP: 27/27
 26319 | D:14     | Received a gift from Nemelex Xobeh
 26351 | D:14     | Found a gate to the Vaults.
 26442 | D:14     | Learned a level 2 spell: Passwall
 26844 | D:15     | Entered Level 15 of the Dungeon
 26854 | D:15     | Found a portal to a secret trove of treasure.
 26878 | D:15     | Reached skill level 1 in Transmutations
 26878 | D:15     | Reached skill level 1 in Earth Magic
 26904 | D:15     | Found a flickering gateway to a bazaar.
 26920 | Bazaar   | Entered a bazaar
 26941 | Bazaar   | Found Hynie's Jewellery Boutique.
 26955 | Bazaar   | Found Qivioc's Assorted Antiques.
 26983 | Bazaar   | Found Ysinusec's Antique Weapon Shop.
 26997 | Bazaar   | Found Xautocemi's Magic Scroll Boutique.
 27115 | Bazaar   | Bought the ring "Xuffaell" {*Corrode rF+ Int+2 Dex+6
                  | Slay+3} for 612 gold pieces
 27468 | D:15     | Received a gift from Nemelex Xobeh
 27486 | D:15     | Found a hazy altar of Hepliaklqana.
 27557 | D:15     | Found Reumeu's Antique Weapon Emporium.
 27656 | D:15     | Found Gabe's Jewellery Shop.
 27735 | D:15     | Found a staircase to the Depths.
 28205 | Spider:1 | Entered Level 1 of the Spider Nest
 28362 | Spider:1 | Received a gift from Nemelex Xobeh
 28690 | Spider:1 | Noticed Mlioglotl
 28700 | Spider:1 | Killed Mlioglotl
 28731 | Spider:1 | Received a gift from Nemelex Xobeh
 29914 | Spider:2 | You fall into a shaft and drop 1 floor!
 30581 | D:15     | Bought a ring of see invisible for 270 gold pieces
 30889 | Spider:2 | Received a gift from Nemelex Xobeh
 31310 | Spider:3 | Reached XP level 17. HP: 106/106 MP: 28/28
 31355 | Spider:3 | Reached skill level 10 in Stealth
 32352 | Spider:4 | Entered Level 4 of the Spider Nest
 32480 | Spider:4 | Reached skill level 10 in Evocations
 32657 | Spider:4 | Reached skill level 15 in Dodging
 32850 | Spider:4 | Received a gift from Nemelex Xobeh
 34304 | Spider:4 | Got a gossamer rune of Zot
 34768 | Orc:2    | Bought 2 potions of curing for 72 gold pieces
 34768 | Orc:2    | Bought a potion of curing for 36 gold pieces
 34976 | D:15     | You paid a toll of 16 potions of curing to enter a treasure
                  | trove
 34977 | Trove    | Entered a treasure trove
 34982 | Trove    | Identified a scroll of acquirement
 34982 | Trove    | Found the +0 mask of the Dragon {Will+ Slay+3 SInv}
 34986 | Trove    | Identified the amulet of the King {RegenMP Rampage rCorr
                  | Str+2}
 34988 | Trove    | Identified the +0 helmet of Dishonesty {rCorr}
 35027 | D:15     | Acquired 543 gold pieces
 35249 | Orc:2    | Bought a scroll of revelation for 90 gold pieces
 35249 | Orc:2    | Bought a staff of air for 300 gold pieces
 35249 | Orc:2    | Bought a throwing net for 36 gold pieces
 35353 | D:8      | Bought a scroll of revelation for 105 gold pieces
 35457 | Orc:2    | Bought a scroll of blinking for 202 gold pieces
 35457 | Orc:2    | Bought a scroll of blinking for 202 gold pieces
 35634 | Shoals:1 | Entered Level 1 of the Shoals
 35862 | Shoals:1 | Received a gift from Nemelex Xobeh
 35906 | Shoals:1 | Noticed Kirke
 35927 | Shoals:1 | Killed Kirke
 35961 | Shoals:1 | Reached skill level 1 in Armour
 36394 | Shoals:1 | Reached XP level 18. HP: 100/114 MP: 29/29
 37086 | Shoals:2 | Found Wezerat's Distillery.
 37100 | Shoals:2 | Bought a potion of resistance for 150 gold pieces
 38021 | Shoals:3 | Received a gift from Nemelex Xobeh
 38088 | Shoals:4 | Entered Level 4 of the Shoals
 38497 | Shoals:4 | Got Hoonaot's Volume of Flinty Metamorphosis
 38937 | Shoals:4 | Got a barnacled rune of Zot
 39210 | Shoals:4 | Received a gift from Nemelex Xobeh
 39216 | Shoals:4 | Identified the +1 helmet of Lesser Demons {rF+ rN+}
 39773 | Elf:1    | Entered Level 1 of the Elven Halls
 40545 | Elf:1    | Reached XP level 19. HP: 102/120 MP: 18/31
 40871 | Elf:1    | Found Hez Gesi's Assorted Antiques.
 41620 | Elf:2    | Noticed Roxanne
 41932 | Elf:2    | Found a runed translucent gate.
 41932 | Elf:2    | Found a runed translucent gate.
 41937 | Elf:2    | Found a runed translucent gate.
 41982 | Elf:2    | Received a gift from Nemelex Xobeh
 42346 | Elf:2    | Killed Roxanne
 42442 | Elf:3    | Entered Level 3 of the Elven Halls
 42457 | Elf:3    | Found a flickering gateway to a bazaar.
 42550 | Bazaar   | Entered a bazaar
 42564 | Bazaar   | Found Igaidgh's Magic Scroll Emporium.
 42586 | Bazaar   | Found Wadane's Assorted Antiques.
 42586 | Bazaar   | Found Kehourog's Weapon Emporium.
 42608 | Bazaar   | Found Ceethrank's Antique Weapon Shoppe.
 42608 | Bazaar   | Found Nismyw's Armour Emporium.
 42662 | Bazaar   | Bought a potion of curing for 57 gold pieces
 42676 | Bazaar   | Bought a scroll of fear for 52 gold pieces
 42676 | Bazaar   | Bought a scroll of fog for 52 gold pieces
 42676 | Bazaar   | Bought a scroll of silence for 123 gold pieces
 42676 | Bazaar   | Bought a scroll of vulnerability for 52 gold pieces
 43178 | Elf:3    | Received a gift from Nemelex Xobeh
 43826 | Elf:3    | Identified the staff of Wrath {rN+ Int+2 Necro}
 43837 | Elf:3    | Reached skill level 15 in Invocations
 43881 | Elf:3    | Identified the +2 long sword of Kijum {elec, rPois rC+ rN+
                  | Int-3}
 44125 | Elf:3    | Reached XP level 20. HP: 113/128 MP: 21/33
 44194 | Elf:3    | Identified the +2 leather armour of the Great Game {rF++
                  | rC+ rCorr}
 44547 | Elf:3    | Identified the +1 quick blade of Burautyph {chaos, Str+3
                  | Int+3 Dex+2}
 44560 | Elf:3    | Learned a level 2 spell: Blink
 44561 | Elf:3    | Got the Discourse on Changing
 44609 | Elf:3    | Found the +3 Elemental Staff {rElec rF+ rC+ AC+3}
 44612 | Elf:3    | Got the Atlas of Bruises and Bad Luck
 44615 | Elf:3    | Found the ring of the Mage {Wiz Archmagi}
 44625 | Elf:3    | Got Eptui's Wizarding, Part Six
 44764 | Elf:1    | Bought 2 potions of heal wounds for 330 gold pieces
 44764 | Elf:1    | Bought a potion of heal wounds for 165 gold pieces
 45030 | Shoals:2 | Bought a potion of invisibility for 120 gold pieces
 45030 | Shoals:2 | Bought 2 potions of curing for 90 gold pieces
 45030 | Shoals:2 | Bought a potion of haste for 150 gold pieces
 45030 | Shoals:2 | Bought a potion of haste for 150 gold pieces
 45207 | Vaults:1 | Entered Level 1 of the Vaults
 45387 | Vaults:1 | Received a gift from Nemelex Xobeh
 45573 | Vaults:1 | Reached skill level 15 in Fighting
 45831 | Vaults:1 | Found a flickering gateway to a bazaar.
 45844 | Bazaar   | Entered a bazaar
 45844 | Bazaar   | Received a gift from Nemelex Xobeh
 45844 | Bazaar   | Found Ogeu's General Store.
 45844 | Bazaar   | Found Balew's Assorted Antiques.
 45844 | Bazaar   | Found Dics's Armour Shop.
 45844 | Bazaar   | Found Das Olaw's Distillery.
 45844 | Bazaar   | Found Giesch's Antique Weapon Boutique.
 45861 | Bazaar   | Bought a potion of resistance for 140 gold pieces
 45867 | Bazaar   | Bought a scroll of immolation for 48 gold pieces
 46734 | Vaults:2 | Identified the +0 scale mail of Bydduz {Will+}
 46935 | Vaults:2 | Received a gift from Nemelex Xobeh
 47134 | Vaults:2 | Found a runed translucent gate.
 47201 | Vaults:2 | Found a runed translucent gate.
 47203 | Vaults:2 | Found a runed translucent gate.
 47691 | Vaults:2 | Reached skill level 21 in Ranged Weapons
 47867 | Vaults:2 | Found a runed translucent gate.
 47867 | Vaults:2 | Found a runed translucent gate.
 47876 | Vaults:2 | Found a runed translucent gate.
 47877 | Vaults:2 | Noticed Inony's ghost (master FoHu)
 47939 | Vaults:2 | Killed Inony's ghost
 48102 | Vaults:2 | Identified the +1 robe of the Old and Reckless {rC+ Will+}
 48876 | Vaults:3 | Reached XP level 21. HP: 136/136 MP: 35/35
 49055 | Vaults:3 | Received a gift from Nemelex Xobeh
 49250 | Vaults:3 | Learned a level 6 spell: Dispersal
 49321 | Vaults:3 | Noticed Mara
 49326 | Vaults:3 | Killed Mara
 49457 | Vaults:3 | Noticed a dread lich
 49834 | Vaults:3 | Found a staircase to the Crypt.
 49872 | Vaults:3 | Noticed Xtahua
 49882 | Vaults:3 | Killed Xtahua
 50063 | Vaults:3 | Received a gift from Nemelex Xobeh
 50168 | Vaults:3 | Found a transporter.
 50224 | Vaults:3 | Found a bloodstained altar of Trog.
 50224 | Vaults:3 | Found the necklace of Bloodlust {Fury *Rage Will++ Int-3
                  | Slay+6}
 50286 | Vaults:3 | Found a transporter.
 50286 | Vaults:3 | Found a runed translucent door.
 50318 | Vaults:3 | Identified the +11 great sword "Beixat" {freeze, rN+ Dex+2}
 50399 | Vaults:3 | Reached skill level 22 in Ranged Weapons
 50597 | Vaults:3 | Identified the +0 plate armour "Hohaylas" {Will++ Regen+
                  | MP+9 Int-3}
 50779 | Vaults:4 | Found Qucuopou's Jewellery Shop.
 50812 | Vaults:4 | Found Poelydab's Book Shop.
 50887 | Vaults:4 | Noticed Aizul
 50896 | Vaults:4 | Killed Aizul
 51038 | Vaults:4 | Acquired 1064 gold pieces
 51169 | Vaults:4 | Received a gift from Nemelex Xobeh
 51500 | Vaults:4 | Found Ofolefi's Antique Armour Shoppe.
 51504 | Vaults:4 | Bought a scorched helmet for 218 gold pieces
 51504 | Vaults:4 | Identified the +2 helmet of Vaafu {rCorr} (You bought it in
                  | a shop on level 4 of the Vaults)
 52611 | Slime:1  | Entered Level 1 of the Pits of Slime
 52624 | Slime:1  | Received a gift from Nemelex Xobeh
 52634 | Slime:1  | Found a viscous altar of Jiyva.
 52700 | Slime:2  | Noticed Dissolution
 52786 | Slime:1  | Killed Dissolution
 52787 | Slime:1  | Reached skill level 23 in Ranged Weapons
 52873 | Slime:3  | Reached XP level 22. HP: 131/144 MP: 5/36
 53024 | Slime:3  | Gained mutation: You are dopey. (Int -2) [a shining eye]
 53073 | Slime:3  | Gained mutation: You are frail. (-10% HP) [a shining eye]
 53173 | Slime:3  | Gained mutation: You are very frail. (-20% HP) [a shining
                  | eye]
 53177 | Slime:3  | Lost mutation: You are very frail. (-20% HP) [potion of
                  | mutation]
 53177 | Slime:3  | Lost mutation: You are dopey. (Int -2) [potion of mutation]
 53177 | Slime:3  | Gained mutation: Your body sometimes deteriorates upon
                  | taking damage. [potion of mutation]
 53177 | Slime:3  | Gained mutation: You possess an exceptional clarity of
                  | mind. [potion of mutation]
 53178 | Slime:3  | Lost mutation: Your body sometimes deteriorates upon taking
                  | damage. [potion of mutation]
 53178 | Slime:3  | Lost mutation: You possess an exceptional clarity of mind.
                  | [potion of mutation]
 53178 | Slime:3  | Lost mutation: You are frail. (-10% HP) [potion of
                  | mutation]
 53178 | Slime:3  | Gained mutation: You are partially covered in iridescent
                  | scales. (AC +2) [potion of mutation]
 53178 | Slime:3  | Gained mutation: You are clumsy. (Dex -2) [potion of
                  | mutation]
 53178 | Slime:3  | Gained mutation: You have sharp toenails. [potion of
                  | mutation]
 53638 | Slime:4  | Received a gift from Nemelex Xobeh
 53772 | Slime:5  | Entered Level 5 of the Pits of Slime
 54270 | Slime:5  | Noticed the Royal Jelly
 54296 | Slime:5  | Killed the Royal Jelly
 54297 | Slime:5  | Reached skill level 15 in Translocations
 54525 | Slime:5  | Identified the +9 flail of Death's Door {elec, Drain *Slow
                  | rN+++ Str+6 SInv}
 54542 | Slime:5  | Identified the ring "Zeutzig" {rElec Str-4 SInv Stlth+}
 54546 | Slime:5  | Found the +10 morningstar "Eos" {elec, Halo rElec}
 54548 | Slime:5  | Found the amulet of the Air {Inacc Air Fly rElec RMsl}
 54557 | Slime:5  | Got a slimy rune of Zot
 54605 | Slime:5  | Identified the ring "Amedacog" {Dex+6 SInv}
 54609 | Slime:5  | Identified the +5 falchion of the Boiling Point {flame,
                  | rC+}
 55054 | Elf:1    | Bought a scroll of blinking for 247 gold pieces
 55054 | Elf:1    | Bought a potion of haste for 330 gold pieces
 55158 | Orc:2    | Bought a wand of roots (3) for 194 gold pieces
 55158 | Orc:2    | Bought a scroll of revelation for 202 gold pieces
 55373 | Depths:1 | Entered Level 1 of the Depths
 55374 | Depths:1 | Found a one-way gateway to a ziggurat.
 55379 | Depths:1 | Found a gateway to Hell.
 55431 | Depths:1 | Found a magical portal.
 55435 | Depths:1 | Received a gift from Nemelex Xobeh
 55443 | WizLab   | Entered Cigotuvi's Fleshworks
 55589 | WizLab   | Gained mutation: You occasionally lose the ability to drink
                  | potions when taking damage. [a shining eye]
 55620 | WizLab   | Found the -2 hat of the Alchemist {rElec rPois rF+ rC+ rN+
                  | Will+ rMut rCorr}
 55733 | WizLab   | Reached skill level 24 in Ranged Weapons
 55937 | WizLab   | Received a gift from Nemelex Xobeh
 56037 | WizLab   | Got Cigotuvi's Incunabulum of Sciomancy
 56138 | WizLab   | Lost mutation: You are clumsy. (Dex -2) [potion of
                  | mutation]
 56138 | WizLab   | Lost mutation: You have sharp toenails. [potion of
                  | mutation]
 56138 | WizLab   | Gained mutation: You are weak. (Str -2) [potion of
                  | mutation]
 56138 | WizLab   | Lost mutation: You are partially covered in iridescent
                  | scales. (AC +2) [potion of mutation]
 56139 | WizLab   | Lost mutation: You are weak. (Str -2) [potion of mutation]
 56139 | WizLab   | Lost mutation: You occasionally lose the ability to drink
                  | potions when taking damage. [potion of mutation]
 56139 | WizLab   | Gained mutation: Your spells are a little easier to cast,
                  | but a little less powerful. [potion of mutation]
 56139 | WizLab   | Gained mutation: You have hidden genetic defects. [potion
                  | of mutation]
 56139 | WizLab   | Gained mutation: Your muscles are strong. (Str +4, Int/Dex
                  | -1) [potion of mutation]
 56139 | WizLab   | Gained mutation: You have supernaturally acute eyesight.
                  | (SInv) [potion of mutation]
 56140 | WizLab   | Lost mutation: Your muscles are strong. (Str +4, Int/Dex
                  | -1) [potion of mutation]
 56140 | WizLab   | Lost mutation: Your spells are a little easier to cast, but
                  | a little less powerful. [potion of mutation]
 56140 | WizLab   | Lost mutation: You have hidden genetic defects. [potion of
                  | mutation]
 56140 | WizLab   | Gained mutation: You are dopey. (Int -2) [potion of
                  | mutation]
 56140 | WizLab   | Gained mutation: You passively dampen the noise of your
                  | surroundings. [potion of mutation]
 56140 | WizLab   | Gained mutation: You are somewhat resistant to further
                  | mutation. [potion of mutation]
 56821 | Depths:1 | Received a gift from Nemelex Xobeh
 56848 | Depths:1 | Found a one-way gate to the infinite horrors of the Abyss.
 57309 | Depths:1 | Found a glowing golden altar of the Shining One.
 57739 | Depths:2 | Found a one-way gate leading to the halls of Pandemonium.
 57938 | Depths:2 | Reached XP level 23. HP: 117/152 MP: 38/38
 58124 | Depths:2 | Received a gift from Nemelex Xobeh
 58143 | Depths:2 | Reached skill level 10 in Spellcasting
 58339 | Depths:2 | Noticed a caustic shrike
 58360 | Depths:2 | Killed a caustic shrike
 58566 | Depths:2 | Reached skill level 25 in Ranged Weapons
 58610 | Depths:2 | Got Kicvurhui's Secrets of Conjuration and Envenoming
 58611 | Depths:2 | Identified the +1 orcbow "Jyzxowi" {antimagic, +Blink rN+
                  | Dex+3}
 58754 | Depths:2 | Noticed Vv
 58768 | Depths:2 | Killed Vv
 59306 | Depths:2 | Noticed an ancient lich
 59317 | Depths:2 | Killed an ancient lich
 60319 | Depths:3 | Reached skill level 26 in Ranged Weapons
 60408 | Depths:3 | Received a gift from Nemelex Xobeh
 60488 | Depths:3 | Noticed a juggernaut
 60511 | Depths:3 | Killed a juggernaut
 60610 | Depths:3 | Identified the staff "Vyont" {rElec rC+ rN+ Int+3 Dex+2
                  | Ice}
 60971 | Depths:3 | Noticed a juggernaut
 60998 | Depths:3 | Killed a juggernaut
 61399 | Depths:3 | Received a gift from Nemelex Xobeh
 61776 | Depths:4 | Entered Level 4 of the Depths
 61989 | Depths:4 | Received a gift from Nemelex Xobeh
 62267 | Depths:4 | Reached skill level 5 in Armour
 62470 | Depths:4 | Noticed a caustic shrike
 62470 | Depths:4 | Noticed a caustic shrike
 62470 | Depths:4 | Noticed a caustic shrike
 62471 | Depths:4 | a caustic shrike changed into a shadow dragon
 62471 | Depths:4 | a caustic shrike changed into an iron dragon
 62472 | Depths:4 | Noticed a caustic shrike
 62473 | Depths:4 | Noticed a caustic shrike
 62477 | Depths:4 | Killed a caustic shrike
 62478 | Depths:4 | Reached XP level 24. HP: 160/160 MP: 32/39
 62737 | Depths:4 | Reached skill level 27 in Ranged Weapons
 63117 | Depths:4 | Found a gate to the Realm of Zot.
 64026 | Zot:1    | Entered Level 1 of the Realm of Zot
 64026 | Zot:1    | Received a gift from Nemelex Xobeh
 64797 | Zot:1    | Received a gift from Nemelex Xobeh
 65247 | Zot:1    | Identified the +4 spear of Itetyrr {flame, Will+ rCorr
                  | SInv}
 65254 | Zot:1    | Acquired the +2 hat of the Bear Spirit {Spirit, Bear, *Rage
                  | Will++}
 65254 | Zot:1    | Found the +2 hat of the Bear Spirit {Spirit, Bear, *Rage
                  | Will++}
 66622 | Zot:2    | Noticed a Killer Klown
 66642 | Zot:2    | Killed a Killer Klown
 67581 | Zot:3    | Noticed a dread lich
 67581 | Zot:3    | Noticed a dread lich
 67582 | Zot:3    | Received a gift from Nemelex Xobeh
 67602 | Zot:2    | Killed a dread lich
 68059 | Zot:3    | Reached XP level 25. HP: 168/168 MP: 39/39
 68635 | Zot:3    | Killed a dread lich
 68826 | Zot:3    | Received a gift from Nemelex Xobeh
 69374 | Zot:3    | Reached skill level 15 in Evocations
 69580 | Zot:3    | Found a runed translucent gate.
 69581 | Zot:3    | Found a runed translucent gate.
 69582 | Zot:3    | Found a runed translucent gate.
 69583 | Zot:3    | Noticed Beclu's ghost (legendary GnSk)
 70303 | Zot:4    | Identified the +0 robe "Jiczoenk" {rN+ Int+3}
 71206 | Zot:5    | Entered Level 5 of the Realm of Zot
 71206 | Zot:5    | Received a gift from Nemelex Xobeh
 71222 | Zot:5    | Identified the +9 great mace "Hoovusox" {pain, Fragile
                  | +Blink rF+}
 71806 | Zot:5    | Reached skill level 10 in Armour
 71868 | Zot:5    | Noticed an ancient lich
 71870 | Zot:5    | Noticed a dread lich
 71871 | Zot:5    | Noticed an orb of fire
 71925 | Zot:5    | Identified the +1 trident of the Middle {flame, Int+6
                  | Dex+5}
 71935 | Zot:5    | Noticed an orb of fire
 71938 | Zot:5    | Killed an orb of fire
 71947 | Zot:5    | Killed an orb of fire
 72007 | Zot:5    | Killed a dread lich
 72008 | Zot:5    | Reached skill level 15 in Stealth
 72214 | Zot:5    | Noticed a Killer Klown
 72218 | Zot:5    | Killed an ancient lich
 72221 | Zot:5    | Killed a Killer Klown
 72235 | Zot:5    | Noticed a dread lich
 72239 | Zot:5    | Killed a dread lich
 72240 | Zot:5    | Reached XP level 26. HP: 176/176 MP: 31/39
 72543 | Zot:5    | Got the Orb of Zot
 73162 | D:$      | Escaped with the Orb!

Illustrated notes

Levels and vault maps discovered:
D:1:      lemuel_arrival_cross, layout_loops_corners, serial_shops,
          nicolae_shop_advertising_works [nicolae_subvault_shop_adworks],
          chequers_jeans, minmay_indecisive_spiral
D:2:      layout_basic, serial_curves, eino_curves_03, eino_curves_04,
          eino_curves_03, kennysheep_pointless_box
D:3:      minmay_inner_zag, layout_loops_ring,
          mainiacjoe_overflow_surrounded_room,
          mainiacjoe_overflow_catwalk_spiral, serial_shops, nicolae_shop_stone,
          chequers_serial_rivers_small_a, minmay_diced_spiral
D:4:      layout_cave_pools, mainiacjoe_overflow_large_starburst, minmay_cupped,
          uniq_sigmund
D:5:      layout_layer_cave, zin_treasury, minmay_temple_entry_slanted
D:6:      layout_rooms, eat_drink_and_be_merry_uskayaw,
          kiku_gazebo_garden_becter, gup_sewer_entry_bubbles,
          amcnicky_mini_rare_corridor_liquid, uniq_maggie
D:7:      layout_gridville, nicolae_gozag_cash_rules_everything_around_me,
          minmay_shattered_shrine
D:8:      cheibrodos_frozen_isle, layout_loops_cross, fedhas_altar_1,
          serial_shops, nicolae_shop_stone, minivault_12
D:9:      layout_basic, nicolae_ru_path_of_blood, david_orc_1_choice,
          serial_shops, shop
D:10:     layout_loops_cross, minmay_misc_feat_plants, kennysheep_flooded_box,
          kennysheep_donut
D:11:     layout_roguey, erik_lair_island, nicolae_the_louvre
D:12:     layout_cave_pools
D:13:     layout_roguey
D:14:     layout_loops_corners, skrybe_vaults_entry_preservation,
          portal_ice_cave_entry_ugly_swarm
D:15:     hangedman_depths_entry_civil_slaughter, layout_long_grid,
          nicolae_hepliaklqana_hippocampus, nicolae_trove_entry_free_sample,
          serial_shops, bzr_in_the_mist, shop, shop
Temple:   grunt_temple_mini_profane
Lair:1:   layout_roguey, serial_bayou_lagoon_a, grunt_megastairs_5,
          serial_bayou_shore_a, serial_bayou_shore_b, infiniplex_staircase_pool
Lair:2:   layout_gridlike, nicolae_shoals_entry_roost,
          spider_nest_entry_web_field, minivault_27
Lair:3:   layout_loops_ring, hangedman_tree_tricks, nicolae_lair_lil_pond,
          lemuel_fruit_fields, uniq_gastronok
Lair:4:   layout_roguey, minmay_slime_entry_oklob_open, gauntlet_entry_generic,
          worms_lemuel, grunt_megastairs_3
Lair:5:   cheibrodos_lair_end_hotspot, layout_cave_shapes
Shoals:1: layout_shoals, uniq_kirke
Shoals:2: cheibrodos_shoals_roost, layout_shoals, serial_shops, shop,
          nicolae_shoals_kraken_intersection
Shoals:3: layout_shoals, nicolae_shoals_water_booths
Shoals:4: shoals_end_grunt_ice, layout_shoals
Spider:1: layout_spider_delve, uniq_mlioglotl
Spider:2: layout_spider_delve
Spider:3: layout_spider_delve
Spider:4: guppyfry_spider_rune
Slime:1:  cheibrodos_slime_lost_civilization_1, layout_caves, basic_altar
Slime:2:  layout_caves, uniq_dissolution
Slime:3:  layout_caves, nicolae_slime_getting_an_eyeful
Slime:4:  layout_caves
Slime:5:  slime_pit
Orc:1:    layout_diamond_mine
Orc:2:    pubby_orc_utopia, uniq_josephine
Elf:1:    layout_loops_corners, serial_shops, nicolae_shop_back_alley_shop,
          hangedman_elf_disciples
Elf:2:    elven_hall_of_blades_hangedman_original [nicolae_blade_lattice],
          layout_loops_ring, uniq_agnes, uniq_roxanne
Elf:3:    minmay_elf_hall_spiked, layout_loops_corners, serial_shops,
          bzr_entry_dummy
Vaults:1: hangedman_vaults_snaps, v_misc_27, st_cells,
          nicolae_vaults_three_branches, ontoclasm_vaults_ring_small,
          vaults_dpeg_encased_lava, v_misc_33, nicolae_vaults_house_3,
          nicolae_vaults_yaktaur_gun_rack, nicolae_vaults_sesquioval_fish,
          v_misc_22, nicolae_vaults_tetromino_L_2,
          nicolae_vaults_storage_room_water, ontoclasm_vaults_loading_screen,
          v_misc_14, layout_vaults_ring, serial_shops, bzr_firewalk
Vaults:2: ploomutoo_gammafunk_ghost_potion_laboratory,
          vaults_room_stairs_pillars, v_pattern_2,
          nicolae_vaults_network_quinsquares
          [nicolae_vaults_network_quincunx_subvault,
          nicolae_vaults_network_quincunx_subvault,
          nicolae_vaults_network_quincunx_subvault,
          nicolae_vaults_network_quincunx_subvault], vaults_room_door_hall,
          hangedman_vaults_locks, nicolae_vaults_puzzle_piece,
          nicolae_vaults_apartment_1, hangedman_vaults_restitches,
          nicolae_vaults_little_squares_3, nicolae_vaults_trapezoid_lopsided_4,
          layout_vaults_maze
Vaults:3: nicolae_vaults_specimen_jars, nicolae_vaults_apartment_1,
          emtedronai_trogs_sanctum, nicolae_vaults_little_squares_5,
          nicolae_vaults_trapezoid_1, minmay_crypt_entry_simple_statues,
          ontoclasm_vaults_ligature, nicolae_vaults_little_squares_5,
          ontoclasm_vaults_idyll, nicolae_vaults_tetromino_T_1,
          nicolae_vaults_trapezoid_lopsided_4, nicolae_vaults_shelves_hall,
          ontoclasm_vaults_twist, layout_vaults_chaotic_city, uniq_mara,
          uniq_xtahua
Vaults:4: v_rooms_6, nicolae_vaults_tetromino_L_1,
          nicolae_vaults_more_shelving_2, grunt_vaults_trifunnel,
          nicolae_vaults_ninety_degrees, v_misc_16, vaults_room_corners,
          nicolae_vaults_frosty_reception, nicolae_vaults_house_1,
          vaults_room_octagon, nicolae_vaults_hexular_roomagon,
          layout_vaults_omnibox, serial_shops, nicolae_shop_back_alley_shop,
          nicolae_shop_back_alley_shop, shop, uniq_aizul
Depths:1: layout_gridlike, enter_ziggurat_f, hangedman_abyss_entry_splay,
          hell_entry, lightli_enter_wizlab_magi_temple,
          hangedman_decor_riveting, hangedman_decor_growths, tso_altar
Depths:2: hangedman_pleasuredromes, hell_entry, pan_entry, uniq_vv
Depths:3: hangedman_cross_cluster, layout_gridlike,
          hangedman_abyss_or_decor_passed, hell_entry, abyss_entry
Depths:4: grunt_x_marks_the_spot, layout_gridville, grunt_decor_mini_mirrors,
          pf_coc_iceberg, serial_bayou_shore_b
Zot:1:    lemuel_acid_trip, layout_concentric_octagons
Zot:2:    layout_gridville, grunt_ministairs_1
Zot:3:    hangedman_snap_crack_crunch, layout_onion_interference,
          gammafunk_ghost_tricky_traps
Zot:4:    kennysheep_spiral_hall, layout_cellular_growth
Zot:5:    layout_misc_corridors

Skill      XL: |  1  2  3  4  5  6  7  8  9 10 11 12 13 14 15 16 17 18 19 20 21 22 23 24 25 26 |
---------------+-------------------------------------------------------------------------------+-----
Stealth        | 2 3 4 5 6 8 9 10 12 13 15 | 15.7
Ranged Weapons | 6 7 8 10 11 14 15 16 18 19 20 21 23 24 26 27 | 27.0
Fighting       | 2 3 4 5 6 7 8 9 10 11 12 13 14 15 16 17 19 20 | 20.9
Dodging        | 3 4 6 8 10 12 13 14 15 16 18 20 21 | 21.8
Invocations    | 2 4 7 8 10 11 12 13 15 16 17 | 17.9
Evocations     | 3 4 5 6 7 9 11 12 14 15 16 | 16.0
Translocations | 2 3 6 9 11 12 14 16 | 16.0
Summonings     | 2 |  2.0
Conjurations   | 2 6 7 8 |  8.0
Spellcasting   | 4 6 8 9 10 | 10.0
Hexes          | 2 4 |  4.0
Transmutations | 2 |  2.0
Earth Magic    | 2 |  2.0
Armour         | 1 4 5 8 10 | 10.6

Action                     |  1- 3 |  4- 6 |  7- 9 | 10-12 | 13-15 | 16-18 | 19-21 | 22-24 | 25-27 || total
---------------------------+-------+-------+-------+-------+-------+-------+-------+-------+-------++-------
  Melee: Short sword       |       |       |     2 |       |       |       |       |       |       ||     2
   Fire: Shortbow          |   108 |   128 |   178 |       |       |       |       |       |       ||   414
         Longbow           |       |       |   179 |   473 |  1083 |  1517 |  1372 |  1923 |   670 ||  7217
         Orcbow            |       |       |       |    50 |       |       |       |       |       ||    50
         Arbalest          |       |       |       |       |   166 |     9 |       |       |       ||   175
         Triple crossbow   |       |       |       |       |       |       |       |     8 |       ||     8
  Throw: Dart              |       |     1 |       |     3 |    15 |    11 |     6 |    13 |     5 ||    54
         Throwing net      |       |       |       |       |       |       |       |     2 |       ||     2
   Cast: Iskenderun's Myst |       |       |       |       |    56 |   100 |    60 |    33 |     6 ||   255
         Apportation       |       |       |       |       |     6 |     3 |    12 |     3 |     4 ||    28
         Portal Projectile |       |       |       |       |     6 |    11 |    20 |    20 |     8 ||    65
         Passwall          |       |       |       |       |       |     1 |       |     2 |     2 ||     5
         Passage of Golubr |       |       |       |       |       |       |     4 |     9 |     5 ||    18
         Blink             |       |       |       |       |       |       |     2 |     1 |     1 ||     4
         Summon Small Mamm |       |       |       |       |       |       |       |     8 |       ||     8
         Dispersal         |       |       |       |       |       |       |       |    10 |     3 ||    13
 Invoke: Draw Summoning    |       |       |     1 |     2 |    13 |    10 |    12 |     7 |     6 ||    51
         Draw Destruction  |       |       |       |     9 |    27 |    12 |    18 |     2 |     3 ||    71
         Deal Four         |       |       |       |       |     1 |       |     2 |     6 |     1 ||    10
         Stack Five        |       |       |       |       |     1 |       |     1 |       |       ||     2
         Draw Stack        |       |       |       |       |       |     4 |     2 |       |     1 ||     7
         Triple Draw       |       |       |       |       |       |     3 |       |       |       ||     3
  Evoke: Wand              |       |       |     3 |    11 |    11 |    17 |     9 |    20 |    22 ||    93
         Tin of tremorston |       |       |       |       |     2 |     7 |     4 |     6 |     1 ||    20
         Lightning rod     |       |       |       |       |     2 |     9 |     4 |     3 |     1 ||    19
         Phial of floods   |       |       |       |       |       |     1 |     1 |       |       ||     2
    Use: Scroll            |     9 |     3 |     9 |     5 |     7 |     8 |     9 |    15 |    11 ||    76
         Potion            |       |       |     4 |     3 |     5 |     2 |    12 |    13 |    14 ||    53
 Armour: Leather armour    |     8 |       |       |       |    22 |    46 |    47 |    53 |    34 ||   210
         Robe              |     9 |    10 |    25 |    26 |    27 |    12 |       |       |       ||   109
         Skin              |       |       |       |    62 |       |       |       |     8 |    17 ||    87
  Dodge: Dodged            |    31 |    22 |    91 |    92 |   219 |   320 |   396 |   545 |   245 ||  1961
         Repelled          |       |       |       |       |       |     5 |    13 |    18 |     7 ||    43
  Block: Other             |       |       |       |    11 |    42 |    68 |    60 |    16 |       ||   197
         Reflection        |       |       |       |       |     2 |     8 |    16 |     2 |       ||    28

Table legend: (Time is in decaauts)
 A = Elapsed time spent in this place.
 B = Non-inter-level travel time spent in this place.
 C = Inter-level travel time spent in this place.
 D = Time resting spent in this place.
 E = Time spent auto-exploring this place.
 F = Levels seen in this place.
 G = Mean time per level.
                   A        B        C        D        E       F      G
               +--------+--------+--------+--------+--------+-----+--------+
         Total |  72335 |  60914 |  11421 |  11482 |  22008 |  60 | 1205.6 |
       Dungeon |  17460 |  13002 |   4458 |    862 |   4575 |  15 | 1164.0 |
        Temple |      1 |      1 |      0 |      0 |      0 |   1 |    1.0 |
          Lair |   7558 |   5890 |   1668 |    678 |   2690 |   5 | 1511.6 |
        Shoals |   4387 |   3799 |    588 |    504 |   1460 |   4 | 1096.8 |
   Spider Nest |   5522 |   5089 |    433 |   1905 |   1003 |   4 | 1380.5 |
    Slime Pits |   1996 |   1892 |    104 |    727 |    294 |   5 |  399.2 |
  Orcish Mines |   4732 |   2933 |   1799 |    771 |    875 |   2 | 2366.0 |
   Elven Halls |   4804 |   4322 |    482 |    909 |   2280 |   3 | 1601.3 |
        Vaults |   6723 |   6016 |    707 |    652 |   3548 |   4 | 1680.8 |
        Depths |   6962 |   6335 |    627 |   1733 |   2162 |   4 | 1740.5 |
           Zot |   8439 |   7888 |    551 |   2035 |   2621 |   5 | 1687.8 |
        Bazaar |    469 |    469 |      0 |      0 |      0 |   3 |  156.3 |
         Trove |     48 |     48 |      0 |      0 |      0 |   1 |   48.0 |
         Sewer |    719 |    719 |      0 |      0 |    146 |   1 |  719.0 |
      Ice Cave |   1438 |   1438 |      0 |    567 |    143 |   1 | 1438.0 |
        Wizlab |    711 |    711 |      0 |     82 |    209 |   1 |  711.0 |
      Gauntlet |    358 |    358 |      0 |     53 |      0 |   1 |  358.0 |
               +--------+--------+--------+--------+--------+-----+--------+

Top non-repeatable levels by time:
   Orc:2: 3498 daAuts
   Elf:1: 2081 daAuts
  Lair:5: 2070 daAuts
   Zot:3: 2028 daAuts
Depths:2: 1959 daAuts
   Elf:3: 1889 daAuts
Depths:3: 1867 daAuts
Spider:4: 1858 daAuts
   Zot:2: 1818 daAuts
Vaults:3: 1818 daAuts
   Zot:1: 1815 daAuts
Vaults:2: 1701 daAuts
Depths:4: 1625 daAuts
    D:14: 1619 daAuts
Vaults:1: 1606 daAuts
